 Dungeon Crawl Stone Soup version 0.19.1-1-g22dce08 (webtiles) character file.

581 Alarkh the Cleaver (level 7, 48/57 HPs)
             Began as a Black Draconian Monk on Jan 18, 2017.
             Quit the game on level 5 of the Dungeon.
             The game lasted 00:04:14 (3155 turns).

Alarkh the Cleaver (Black Draconian Monk)           Turns: 3155, Time: 00:04:15

Health: 48/57      AC: 10    Str: 13    XL:     7   Next: 13%
Magic:  7/7        EV: 13    Int: 13    God:
Gold:   128        SH:  0    Dex: 13    Spells: 1 memorised, 4 levels left

rFire  . . .     SeeInvis .     a - +0 broad axe
rCold  . . .     Gourm    .     (armour unavailable)
rNeg   . . .     Faith    .     (no shield)
rPois  .         Spirit   .     (helmet restricted)
rElec  +         Reflect  .     B - +0 cloak
rCorr  .         Harm     .     C - +2 pair of gloves
MR     .....                    (no boots)
Stlth  ++........               p - amulet of magic regeneration
                                (no ring)
                                (no ring)

@: no status effects
A: breathe lightning, unfitting armour, electricity resistance, cold-blooded, AC
+6
a: Breathe Lightning


You were on level 5 of the Dungeon.
You were not hungry.

You visited 1 branch of the dungeon, and saw 5 of its levels.

You collected 128 gold pieces.

Inventory:

Hand Weapons
 a - a +0 broad axe (weapon)
 i - a +0 war axe
 z - a +0 hand axe
Armour
 B - a +0 cloak (worn)
 C - a +2 pair of gloves (worn)
Jewellery
 p - an amulet of magic regeneration (around neck)
Scrolls
 e - a scroll of identify
 f - a scroll of immolation
 h - a scroll of blinking {unknown}
 j - 4 scrolls of magic mapping
 m - 2 scrolls of amnesia {unknown}
 o - a scroll of random uselessness {unknown}
 r - a scroll of enchant armour {unknown}
 u - 2 scrolls of teleportation {unknown}
 y - a scroll of fog {unknown}
 A - a scroll of recharging {unknown}
Potions
 g - 2 potions of cancellation {unknown}
 k - a potion of might {unknown}
 l - a potion of resistance
 q - a potion of degeneration {unknown}
 t - a potion of brilliance
 v - a potion of cure mutation {unknown}
 w - a potion of curing
 x - a potion of heal wounds {unknown}
 D - a potion of haste {unknown}
Books
 s - a book of Minor Magic

   Spells                             Type                      Level
   a - Magic Dart                     Conjuration                  1
   b - Blink                          Translocation                2
   c - Call Imp                       Summoning                    2
   d - Repel Missiles                 Charms/Air                   2
   e - Slow                           Hexes                        2
   f - Conjure Flame                  Conjuration/Fire             3
   g - Mephitic Cloud                 Conjuration/Poison/Air       3
Comestibles
 b - 5 bread rations
 c - 2 meat rations
 d - 5 chunks of flesh
 n - 7 fruits


   Skills:
 - Level 3.2 Fighting
 + Level 8.3 Axes
 - Level 2.6 Dodging
 - Level 1.7 Stealth


You had 4 spell levels left.
You knew the following spells:

 Your Spells              Type           Power        Failure   Level  Hunger
d - Repel Missiles        Chrm/Air       #.....       47%         2    ###....


Dungeon Overview and Level Annotations

Branches:
Dungeon (5/15)
 Temple: D:4-7

Altars:
Trog
Xom

Annotations:
D:3 1 exclusion


Innate Abilities, Weirdness & Mutations

You can breathe wild blasts of lightning.
Your glossy black scales are hard. (AC +6)
You cannot fit into any form of body armour.
You are resistant to electric shocks. (rElec)
You are cold-blooded and may be slowed by cold attacks.


Message History

You breathe a wild blast of lightning!
The orb of electricity explodes!
The orb of electricity engulfs you! You resist.
You hear a mighty clap of thunder!
You feel somewhat more hungry.
Okay, then.
Are you sure you want to abandon this character and quit the game? (Confirm with "yes".)
Okay, then.
(D) Dungeon
Where to? (Enter - D:4, ? - help)
You have got your breath back.
You see here a spear.
There is a stone staircase leading up here.
There is a stone staircase leading down here.
You climb downwards.
Eating one of 6 chunks of flesh.
You start eating one of the 6 chunks of flesh.
You are feeling hungry.
Found a stone staircase leading down.
There is a stone staircase leading up here.
This raw flesh tastes terrible.
Are you sure you want to abandon this character and quit the game? (Confirm with "yes".)

... ....
....#+#
.......
.......
.......
.......##
#......@#
........#
....>...#
#+###.#.#
#.#.#
#.#.# .
#.# . #..


There were no monsters in sight!

Vanquished Creatures
  Sigmund (D:3)
  An ogre (D:4)
  A hound (D:4)
  A gnoll shaman (D:3)
  An orc wizard (D:3)
  A worker ant (D:4)
  7 gnolls (D:4)
  6 adders
  A worm (D:4)
  3 dart slugs
  A leopard gecko (D:2)
  8 orcs (D:3)
  4 bats
  9 giant cockroaches
  14 goblins
  10 hobgoblins
  3 jackals (D:3)
  11 kobolds
  2 quokkas (D:3)
  2 frilled lizards
  10 rats
97 creatures vanquished.

Notes
Turn   | Place    | Note
-------+----------+-------------------------------------------
     0 | D:1      | Alarkh the Draconian Monk began the quest for the Orb.
     0 | D:1      | Reached XP level 1. HP: 19/19 MP: 1/1
   142 | D:1      | Reached XP level 2. HP: 18/26 MP: 2/2
   403 | D:1      | Reached skill level 4 in Axes
   595 | D:2      | Reached XP level 3. HP: 24/31 MP: 3/3
   720 | D:2      | You fall through a shaft!
   888 | D:3      | Noticed Sigmund
   902 | D:3      | Found a bloodstained altar of Trog.
   903 | D:3      | Noticed a wizard
   931 | D:3      | Learned a level 2 spell: Repel Missiles
  1132 | D:3      | Reached skill level 5 in Axes
  1132 | D:3      | Reached XP level 4. HP: 24/38 MP: 4/4
  1609 | D:2      | Found a shimmering altar of Xom.
  2447 | D:3      | Reached skill level 6 in Axes
  2447 | D:3      | Reached XP level 5. HP: 41/45 MP: 5/5
  2716 | D:3      | Killed Sigmund
  2716 | D:3      | Reached skill level 7 in Axes
  2716 | D:3      | Reached XP level 6. HP: 51/51 MP: 6/6
  3116 | D:4      | Reached skill level 8 in Axes
  3116 | D:4      | Your scales start taking on a glossy black colour.
  3116 | D:4      | Reached XP level 7. HP: 50/57 MP: 7/7
  3116 | D:4      | Gained mutation: You are resistant to electric shocks. (rElec) [Black Draconian growth]
  3154 | D:5      | Entered Level 5 of the Dungeon
  3155 | D:5      | Quit the game

Skill      XL: |  1  2  3  4  5  6 |
---------------+-------------------+-----
Axes           | 4 5 6 7 8 |  8.3
Fighting       | |  3.2
Dodging        | |  2.6
Stealth        | |  1.7

Action                   |  1- 3 |  4- 6 |  7- 9 || total
-------------------------+-------+-------+-------++-------
Melee: Hand axe          |   106 |     4 |       ||   110
       Tailslap          |    12 |    13 |       ||    25
       Broad axe         |       |   138 |       ||   138
       War axe           |       |    33 |       ||    33
 Cast: Repel Missiles    |     1 |       |       ||     1
 Abil: Breathe Lightning |       |       |     1 ||     1
  Use: Scroll            |       |     3 |       ||     3
       Potion            |       |     3 |       ||     3
 Stab: Sleeping          |     3 |     6 |       ||     9
       Distracted        |     1 |     1 |       ||     2
  Eat: Chunk             |     2 |     6 |     1 ||     9
Armor: Skin              |    26 |    68 |       ||    94
Dodge: Dodged            |    62 |   161 |       ||   223
       Deflected         |       |     2 |       ||     2
